 Dungeon Crawl Stone Soup version 0.31-a0-210-gccc998df9b (webtiles) character file.

Game seed: 17725090442877099431

98 CornPuffBuddha the Trooper (level 4, 44/44 HPs)
             Began as a Minotaur Hunter on June 30, 2023.
             Quit the game on level 3 of the Dungeon.
             The game lasted 00:04:23 (2654 turns).

CornPuffBuddha the Trooper (Minotaur Hunter)        Turns: 2654, Time: 00:04:24

Health: 44/44      AC:  3    Str: 15    XL:     4   Next: 43%
Magic:  3/3        EV: 12    Int:  6    God:
Gold:   147        SH:  0    Dex: 16    Spells: 3/3 levels left

rFire   . . .        h - +0 short sword
rCold   . . .        (no shield)
rNeg    . . .        c - +0 leather armour
rPois   .            (helmet restricted)
rElec   .            (no cloak)
rCorr   .            (no gloves)
SInv    .            (no boots)
Will    .....        (no amulet)
Stlth   +            (no ring)
HPRegen 0.27/turn    (no ring)
MPRegen 0.08/turn

%: no passive effects
@: no status effects
A: horns 2, retaliatory headbutt
a: no special abilities


You were on level 3 of the Dungeon.
You visited 1 branch of the dungeon, and saw 3 of its levels.

You collected 147 gold pieces.

Inventory:

Hand Weapons
 a - a +0 shortbow
 h - a +0 short sword (weapon)
Missiles
 m - 7 poisoned darts
 s - 7 javelins
Armour
 c - a +0 leather armour (worn)
Jewellery
 l - a ring of flight
Wands
 n - a wand of charming (11)
 r - a wand of iceblast (1)
Scrolls
 b - 2 scrolls of butterflies
 d - 6 scrolls of identify {unknown}
 f - a scroll of blinking {unknown}
 j - a scroll of fear {unknown}
 p - a scroll of revelation {unknown}
 u - 3 scrolls of noise {unknown}
 v - a scroll of fog {unknown}
Potions
 e - a potion of invisibility {unknown}
 g - a potion of ambrosia
 i - a potion of attraction {unknown}
 k - 2 potions of brilliance {unknown}
 o - a potion of experience {unknown}
 q - a potion of haste {unknown}
 t - 3 potions of berserk rage {unknown}


   Skills:
 + Level 5.7 Fighting
 - Level 4.3 Ranged Weapons
 - Level 2.1 Dodging
 - Level 0.7 Stealth


You had 3 spell levels left.
You didn't know any spells.
Your spell library contained the following spells:

 Spells                   Type           Power      Damage    Failure   Level
 Summon Small Mammal      Summ           0%         N/A       52%         1
 Static Discharge         Conj/Air       0%         2-2/arc   67%         2
 Call Canine Familiar     Summ           0%         N/A       88%         3
 Summon Guardian Golem    Hex/Summ       0%         N/A       88%         3
 Airstrike                Air            0%         2d(0-16)  99%         4
 Summon Lightning Spire   Summ/Air       0%         N/A       99%         4


Dungeon Overview and Level Annotations

Branches:
Dungeon (3/15)

Altars:
Gozag


Innate Abilities, Weirdness & Mutations

You have a pair of horns on your head.
You reflexively headbutt those who attack you in melee.


Message History

The gnoll closely misses you. You furiously retaliate!
You headbutt the gnoll!
You kill the gnoll!
You see here a +0 halberd.
You start resting.
HP restored.
You see here an adder corpse.
Things that are here:
a +0 short sword; 5 stones; a kobold corpse You see here a +0 club.
A bat comes into view.
A bat is nearby!
Found a club.
The bat hits you but does no damage.
You hit the bat.
You kill the bat!
No target in view!
No target in view!
s - 7 javelins (gained 3)
You see here a +0 club.
You pick up a book of Callings and begin reading...
You add the spells Summon Small Mammal, Call Canine Familiar and Summon Guardian Golem to your library.
Things that are here:
a staff of fire; a +0 leather armour You see here a +0 club.
A frilled lizard is nearby!
The frilled lizard hisses angrily.
The frilled lizard bites you but does no damage.
You hit the frilled lizard.
You kill the frilled lizard!
No target in view!
No target in view!
There is a stone staircase leading up here.
Done exploring.
Done exploring.
No target in view!
No target in view!
No target in view!
Saving game... please wait.
Welcome back, CornPuffBuddha the Minotaur Hunter.
Press ? for a list of commands and other information.
Are you sure you want to abandon this character and quit the game? (Confirm with "yes".)

########### ..........#######
.....####.......# ####.#
#######.# #
#.##########.############### #
#..........#.@.............# #
##########.###############.###
#.# ##.## #.... #.# ##...##
##### #.#######.....##
#..............#
#########.....## ##...########
##########..<#......#


There were no monsters in sight!

Vanquished Creatures
  4 adders
  A gnoll (D:3)
  2 worms
  3 ball pythons
  5 bats
  6 endoplasms
  A giant cockroach (D:2)
  4 goblins
  6 hobgoblins
  3 jackals (D:3)
  A quokka (D:2)
  4 frilled lizards
  A kobold (D:1)
  4 rats
45 creatures vanquished.

Vanquished Creatures (collateral kills)
  A kobold (D:3)
1 creature vanquished.

Grand Total: 46 creatures vanquished

Notes
Turn   | Place    | Note
-------+----------+-------------------------------------------
     0 | D:1      | CornPuffBuddha the Minotaur Hunter began the quest for the
                  | Orb.
     0 | D:1      | Reached XP level 1. HP: 18/18 MP: 0/0
   198 | D:1      | Reached skill level 3 in Fighting
   230 | D:1      | Reached XP level 2. HP: 26/26 MP: 1/1
   702 | D:2      | Found a faded altar of an unknown god.
   764 | D:2      | Reached skill level 4 in Fighting
  1054 | D:2      | Reached XP level 3. HP: 34/34 MP: 2/2
  1775 | D:3      | Reached skill level 5 in Fighting
  2002 | D:3      | Found an opulent altar of Gozag.
  2153 | D:3      | Reached XP level 4. HP: 42/42 MP: 3/3
  2654 | D:3      | Quit the game

Illustrated notes

Levels and vault maps discovered:
D:1:      nzn_arrival_depleted_hourglass, layout_basic
D:2:      layout_basic, hellmonk_ecumenical_altar_lost_god
D:3:      layout_loops_ring, mainiacjoe_overflow_boulevard, minmay_quantized

Skill      XL: |  1  2  3 |
---------------+----------+-----
Fighting       | 3 4 5 |  5.7
Ranged Weapons | |  4.3
Dodging        | |  2.1
Stealth        | |  0.7

Action                     |  1- 3 |  4- 6 || total
---------------------------+-------+-------++-------
  Melee: Short sword       |    95 |    17 ||   112
         Headbutt          |    13 |     4 ||    17
   Fire: Shortbow          |    17 |       ||    17
  Evoke: Wand              |       |     2 ||     2
    Use: Potion            |       |     1 ||     1
   Stab: Sleeping          |     2 |       ||     2
 Armour: Leather armour    |    26 |     5 ||    31
  Dodge: Dodged            |    45 |    28 ||    73

Table legend: (Time is in decaauts)
 A = Elapsed time spent in this place.
 B = Non-inter-level travel time spent in this place.
 C = Inter-level travel time spent in this place.
 D = Time resting spent in this place.
 E = Time spent auto-exploring this place.
 F = Levels seen in this place.
 G = Mean time per level.
                   A        B        C        D        E       F      G
               +--------+--------+--------+--------+--------+-----+--------+
         Total |   2656 |   2490 |    166 |    136 |   1979 |   3 |  885.3 |
       Dungeon |   2656 |   2490 |    166 |    136 |   1979 |   3 |  885.3 |
               +--------+--------+--------+--------+--------+-----+--------+

Top non-repeatable levels by time:
     D:3: 1072 daAuts
     D:2: 1010 daAuts
     D:1: 573 daAuts
